 Dungeon Crawl Stone Soup version 0.30-a0-458-g86641cc369 (webtiles) character file.

Game seed: 17701249866509221586

831 cforsyth the Ruffian (level 7, 0/71 HPs)
             Began as a Troll Fighter on Dec 14, 2022.
             Succumbed to a scorpion's poison
             ... on level 4 of the Dungeon.
             The game lasted 00:04:45 (3105 turns).

cforsyth the Ruffian (Troll Fighter)                Turns: 3105, Time: 00:04:46

Health: 0/71       AC:  4    Str: 25    XL:     7   Next: 65%
Magic:  6/6        EV:  8    Int:  6    God:
Gold:   186        SH:  8    Dex:  9    Spells: 6/6 levels left

rFire   . . .      SeeInvis .      - Unarmed
rCold   . . .      Faith    .    b - +0 kite shield
rNeg    . . .      Spirit   .    a - +0 robe
rPois   .          Reflect  .    (helmet restricted)
rElec   .          Harm     .    (no cloak)
rCorr   .          Rampage  .    (gloves unavailable)
Will    .....                    (boots unavailable)
Stlth   +.........               (no amulet)
HPRegen 1.11/turn                d - +4 ring of slaying
MPRegen 0.10/turn                (no ring)

@: brilliant, lethally poisoned (0 -> -6)
A: large, unfitting armour, claws 3, regeneration 1, shaggy fur 1, tough skin 1
a: no special abilities


You were on level 4 of the Dungeon.
You visited 1 branch of the dungeon, and saw 5 of its levels.

You collected 186 gold pieces.

Inventory:

Armour
 a - a +0 robe (worn)
 b - a +0 kite shield (worn)
Jewellery
 d - a +4 ring of slaying (left claw)
 s - a ring of protection from cold
Wands
 t - a wand of iceblast (3)
 u - a wand of flame (27)
Scrolls
 e - a scroll of silence {unknown}
 f - a scroll of teleportation
 i - 2 scrolls of immolation {unknown}
 k - 2 scrolls of identify {unknown}
 m - 2 scrolls of vulnerability {unknown}
 n - 2 scrolls of butterflies {unknown}
 o - 2 scrolls of magic mapping {unknown}
 p - a scroll of noise {unknown}
 r - a scroll of poison {unknown}
Potions
 c - a potion of might
 g - 4 potions of brilliance
 h - a potion of attraction {unknown}
 j - a potion of mutation {unknown}
 l - a potion of lignification {unknown}
 q - 3 potions of curing {unknown}


   Skills:
 + Level 4.3 Fighting
 - Level 2.7 Dodging
 + Level 4.7 Shields
 * Level 6.2 Unarmed Combat


You had 6 spell levels left.
You didn't know any spells.
Your spell library was empty.

Dungeon Overview and Level Annotations

Branches:
Dungeon (5/15)
 Temple: D:4-7

Altars:
Qazlal
Uskayaw

Shops:
D:2 =

Annotations:
D:4 Blork the orc


Innate Abilities, Weirdness & Mutations

You are too large for most types of armour.
You have claws for hands.
Your natural rate of healing is unusually fast.
You are covered in fur. (AC +1)
You have tough skin. (AC +1)


Message History

Blork the orc hits you with a +0 mace. The scorpion stings you.
You are more poisoned.
The scorpion poisons you!
You feel very sick. Blork the orc hits you with a +0 mace.
The scorpion stings you but does no damage.
The orc barely misses you. You block the orc's attack.
Blork the orc hits you with a +0 mace.
You climb upwards.
You feel very sick.
There is a stone staircase leading down here.
Unknown command.
As you read the scroll of teleportation, it crumbles to dust.
You feel strangely unstable.
You feel very sick. The scorpion stings you.
* * * LOW HITPOINT WARNING * * *
You are more poisoned.
The scorpion poisons you! You block the orc's attack.
The orc hits you with a +0 flail.
* * * LOW HITPOINT WARNING * * *
Blork the orc points at you and mumbles some strange words.
You block the puff of frost.
The scorpion stings you but does no damage.
Unknown command.
Unknown command.
You barely miss the orc.
* * * LOW HITPOINT WARNING * * *
You feel very sick. Blork the orc barely misses you.
The orc hits you with a +0 short sword.
* * * LOW HITPOINT WARNING * * *
You block the orc's attack. The scorpion stings you.
* * * LOW HITPOINT WARNING * * *
Blork the orc barely misses you.
Unknown command.
Unknown command.
It was a potion of brilliance.
You feel clever all of a sudden.
Your surroundings suddenly seem different.
You die...

#..........#
#.########.# ######.#
#.# .......#### ###.###
###.......# #.....#
.......##.###.....#####
.#.....##.##..........#
..........##......###.#
.#.....#..##(...@.# #.#
###....#[.##.##.### #.#
# #oos....#...#.#####.#
# ##>#[............##.#
# ##o#.####...###.....#
###..#.#####.## #..####
....##...###.# #..#
.............# #..#
##..####.##### #..#


There were no monsters in sight!

Vanquished Creatures
  Pikel (D:4)
  A phantom (D:4)
  A hound (D:4)
  2 orc priests (D:4)
  An iguana (D:4)
  2 orc wizards
  4 adders
  A gnoll (D:1)
  2 dart slugs
  9 orcs
  6 endoplasms
  A giant cockroach (D:2)
  7 hobgoblins
  6 kobolds
  6 quokkas
  6 ball pythons
  4 bats
  2 frilled lizards
  8 goblins
  2 rats (D:3)
72 creatures vanquished.

Vanquished Creatures (others)
  A fungus (D:3)
  A plant (D:3)
2 creatures vanquished.

Grand Total: 74 creatures vanquished

Notes
Turn   | Place    | Note
-------+----------+-------------------------------------------
     0 | D:1      | cforsyth the Troll Fighter began the quest for the Orb.
     0 | D:1      | Reached XP level 1. HP: 22/22 MP: 0/0
    45 | D:1      | Reached XP level 2. HP: 28/29 MP: 1/1
   705 | D:1      | Reached XP level 3. HP: 36/36 MP: 2/2
  1022 | D:2      | Found Mipnilio's Jewellery Boutique.
  1338 | D:3      | Found a hide-covered altar of Uskayaw.
  1342 | D:3      | Noticed a +0 hand axe
  1342 | D:3      | Noticed a +0 hand axe
  1573 | D:3      | Reached XP level 4. HP: 44/44 MP: 3/3
  1606 | D:3      | Reached skill level 3 in Unarmed Combat
  1877 | D:3      | Found a faded altar of an unknown god.
  2290 | D:4      | Reached XP level 5. HP: 53/53 MP: 4/4
  2336 | D:4      | Noticed Pikel
  2336 | D:4      | Noticed a lemure
  2336 | D:4      | Noticed a lemure
  2336 | D:4      | Noticed a lemure
  2337 | D:4      | Noticed a lemure
  2353 | D:4      | Killed Pikel
  2354 | D:4      | Reached skill level 5 in Unarmed Combat
  2354 | D:4      | Reached XP level 6. HP: 28/62 MP: 5/5
  2354 | D:4      | Reached XP level 7. HP: 32/70 MP: 6/6
  2577 | D:4      | Reached skill level 6 in Unarmed Combat
  2873 | D:4      | Found a stormy altar of Qazlal.
  2876 | D:4      | Noticed an air elemental
  2876 | D:4      | Noticed a water elemental
  2876 | D:4      | Noticed a fire elemental
  2947 | D:5      | Entered Level 5 of the Dungeon
  3093 | D:5      | Noticed Blork the orc
  3104 | D:4      | HP: 2/71 [scorpion (4)]
  3105 | D:4      | Succumbed to a scorpion's poison

Illustrated notes

Levels and vault maps discovered:
D:1:      dpeg_arrival_arbitrary_b, layout_loops_ring, nrook_uturn
D:2:      layout_basic, serial_shops, nicolae_square_shop
D:3:      layout_rooms, dancing_weapons_uskayaw,
          shapermc_ecumenical_altar_mp_ritualfount, serial_co_window_serial,
          co_window_paths_b, co_window_paths_b, co_window_of_opportunity_a,
          co_window_paths_a, co_window_paths_b, co_window_cross_1,
          co_window_paths_a, co_window_unsneaky_path_a,
          co_window_of_opportunity_c, co_window_of_opportunity_b,
          co_window_of_opportunity_b, co_window_unsneaky_path_b,
          co_window_paths_d, co_window_paths_e, glass_columns_a, glass_columns_a
D:4:      layout_loops_ring, nicolae_qazlal_style_of_elements, uniq_pikel
D:5:      layout_loops_corners, gammafunk_ghost_split,
          hangedman_abyss_or_decor_stabs, uniq_blork_the_orc, uniq_ijyb,
          uniq_sigmund

Skill      XL: |  1  2  3  4  5  6  7 |
---------------+----------------------+-----
Shields        | 3 4 |  4.7
Fighting       | 3 4 |  4.3
Unarmed Combat | 3 5 6 |  6.2
Dodging        | |  2.7

Action                   |  1- 3 |  4- 6 |  7- 9 || total
-------------------------+-------+-------+-------++-------
Melee: Unarmed           |    69 |    54 |    32 ||   155
  Use: Scroll            |       |       |     2 ||     2
       Potion            |       |       |     1 ||     1
Armor: Robe              |    16 |    10 |     7 ||    33
Dodge: Dodged            |    16 |    13 |    12 ||    41
Block: Kite shield       |    13 |    14 |    18 ||    45

Table legend: (Time is in decaauts)
 A = Elapsed time spent in this place.
 B = Non-inter-level travel time spent in this place.
 C = Inter-level travel time spent in this place.
 D = Time resting spent in this place.
 E = Time spent auto-exploring this place.
 F = Levels seen in this place.
 G = Mean time per level.
                   A        B        C        D        E       F      G
               +--------+--------+--------+--------+--------+-----+--------+
         Total |   3113 |   2888 |    225 |    100 |   2335 |   5 |  622.6 |
       Dungeon |   3113 |   2888 |    225 |    100 |   2335 |   5 |  622.6 |
               +--------+--------+--------+--------+--------+-----+--------+

Top non-repeatable levels by time:
     D:3: 903 daAuts
     D:4: 887 daAuts
     D:1: 797 daAuts
     D:2: 514 daAuts
     D:5: 11 daAuts
